BSA
EL DORADO OILERS @ BOSTON REBELS
05/04/2027
 
TOP OF THE 1ST
Birmingham Steeldogs batting - Pitching for Boston Rebels : RHP Armand Calazzo
Pitching: RHP Armand Calazzo
Batting: RHB Nick Webb 0-0: Ball
1-0: Foul Ball, location: 2F
1-1: Ball
2-1: SINGLE (Line Drive, 8LS)
Batting: LHB John Haney 0-0: Called Strike
0-1: DOUBLE (Groundball, 3L)
Nick Webb to third
Batting: LHB Chris Miller 0-0: Called Strike
0-1: Ground out U3 (Groundball, 34)
Nick Webb scores
John Haney to third
Batting: RHB Valentín Borges 0-0: Swinging Strike
0-1: Foul Ball, location: 2F
0-2: Ball
1-2: Fly out, F7 (Flyball, 7)
Runner from 3rd tags up, SCORES, no throw
Batting: LHB José Hernández 0-0: Called Strike
0-1: Swinging Strike
0-2: DOUBLE (Line Drive, 89D)
Batting: RHB Sixto Vélez 0-0: Hit by Pitch
Batting: LHB José Martínez 0-0: Ball
1-0: Ball
2-0: Called Strike
2-1: Ball
3-1: Foul Ball, location: 2F
3-2: Base on Balls
José Hernández to third
Sixto Vélez to second
Batting: LHB José Rivera 0-0: Called Strike
0-1: Called Strike
0-2: Ball
1-2: Ball
2-2: Strikes out looking
Top of the 1st over - 2 run(s), 3 hit(s), 0 error(s), 3 left on base; Birmingham 2 - Boston 0
BOTTOM OF THE 1ST
Boston Rebels batting - Pitching for Birmingham Steeldogs : RHP Mark Anderson
Pitching: RHP Mark Anderson
Batting: RHB Aaron Washington 0-0: SINGLE (Line Drive, 4D)
Batting: LHB Miguel Rivería 0-0: Ball
Aaron Washington steals 2nd base
1-0: Foul Ball, location: 2F
1-1: Ball
2-1: Ground out 4-3 (Groundball, 4)
Aaron Washington to third
Batting: LHB Bill Wilson 0-0: Ball
1-0: Called Strike
1-1: Ball
2-1: Ground out 4-3 (Groundball, 4)
Aaron Washington scores
Batting: LHB Lorenzo Flores 0-0: Called Strike
0-1: Ball
1-1: Ball
2-1: Ground out 4-3 (Groundball, 34)
Bottom of the 1st over - 1 run(s), 1 hit(s), 0 error(s), 0 left on base; Birmingham 2 - Boston 1
TOP OF THE 2ND
Birmingham Steeldogs batting - Pitching for Boston Rebels : RHP Armand Calazzo
Batting: RHB Carlos García 0-0: Swinging Strike
0-1: Swinging Strike
0-2: Strikes out looking
Batting: RHB Nick Webb 0-0: Ground out 4-3 (Groundball, 4)
Batting: LHB John Haney 0-0: Called Strike
0-1: Ground out U3 (Groundball, 3S)
Top of the 2nd over - 0 run(s), 0 hit(s), 0 error(s), 0 left on base; Birmingham 2 - Boston 1
BOTTOM OF THE 2ND
Boston Rebels batting - Pitching for Birmingham Steeldogs : RHP Mark Anderson
Batting: LHB Felipe Guerrero 0-0: SINGLE (Groundball, 6) (infield hit)
Batting: RHB Ronnie Brown 0-0: Called Strike
0-1: Ball
1-1: Ball
2-1: SINGLE (Groundball, 34D)
Felipe Guerrero to second
Runner from 2nd tries for 3rd, SAFE, no throw
Batting: RHB Pedro Rodríguez 0-0: Ball
1-0: Called Strike
1-1: Called Strike
1-2: Foul Ball, location: 2F
1-2: SINGLE (Groundball, 6MS) (infield hit)
Felipe Guerrero scores
Ronnie Brown to second
Batting: RHB Gerardo Escobedo 0-0: Called Strike
0-1: Grounds into double play, 6-4-3 (Groundball, 6)
Ronnie Brown to third
Batting: RHB Jesús Dávila 0-0: Ball
1-0: Swinging Strike
1-1: Ground out 6-3 (Groundball, 6)
Bottom of the 2nd over - 1 run(s), 3 hit(s), 0 error(s), 1 left on base; Birmingham 2 - Boston 2
TOP OF THE 3RD
Birmingham Steeldogs batting - Pitching for Boston Rebels : RHP Armand Calazzo
Batting: LHB Chris Miller 0-0: TRIPLE (Flyball, 8RXD)
Batting: RHB Valentín Borges 0-0: Foul Ball, location: 2F
0-1: Swinging Strike
0-2: Foul Ball, location: 2F
0-2: Ball
1-2: Fly out, F9 (Flyball, 89S)
Batting: LHB José Hernández 0-0: Called Strike
0-1: Ball
1-1: Ball
2-1: Foul Ball, location: 2F
2-2: Strikes out swinging
Batting: RHB Sixto Vélez Balk!
Chris Miller scores
0-0: Ball
1-0: Foul Ball, location: 2F
1-1: Ball
2-1: Ball
3-1: Foul Ball, location: 2F
3-2: Foul Ball, location: 2F
3-2: Base on Balls
Batting: LHB José Martínez 0-0: Ball
1-0: Ball
2-0: Ball
3-0: Base on Balls
Sixto Vélez to second
Batting: LHB José Rivera 0-0: Ball
1-0: Ball
2-0: Ball
3-0: Called Strike
3-1: Foul Ball, location: 2F
3-2: Strikes out swinging
Top of the 3rd over - 1 run(s), 1 hit(s), 0 error(s), 2 left on base; Birmingham 3 - Boston 2
BOTTOM OF THE 3RD
Boston Rebels batting - Pitching for Birmingham Steeldogs : RHP Mark Anderson
Batting: RHB Aaron Washington 0-0: Called Strike
0-1: Foul Ball, location: 2F
0-2: Ball
1-2: SINGLE (Line Drive, 6D)
Batting: LHB Miguel Rivería 0-0: Ball
1-0: Grounds into double play, 4-6-3 (Groundball, 4)
Batting: LHB Bill Wilson 0-0: Called Strike
0-1: Fly out, F8 (Flyball, 89D)
Bottom of the 3rd over - 0 run(s), 1 hit(s), 0 error(s), 0 left on base; Birmingham 3 - Boston 2
TOP OF THE 4TH
Birmingham Steeldogs batting - Pitching for Boston Rebels : RHP Armand Calazzo
Batting: RHB Carlos García 0-0: Ball
1-0: Foul Ball, location: 2F
1-1: Ball
2-1: Ball
3-1: SINGLE (Line Drive, 4MD)
Batting: RHB Nick Webb 0-0: Ball
Wild Pitch!
Carlos García to second
1-0: Ball
2-0: DOUBLE (Line Drive, 7)
Carlos García scores
Batting: LHB John Haney 0-0: Ball
1-0: Called Strike
1-1: Ball
2-1: Foul Ball, location: 2F
2-2: Fly out, F7 (Flyball, 78S)
Batting: LHB Chris Miller 0-0: Ball
1-0: Ball
2-0: Ground out 4-3 (Groundball, 4)
Nick Webb to third
Batting: RHB Valentín Borges 0-0: Ball
1-0: Ball
2-0: SINGLE (Flyball, 8LS)
Nick Webb scores
Batting: LHB José Hernández 0-0: Ball
1-0: Ball
2-0: Swinging Strike
2-1: Called Strike
2-2: Fielders Choice at 2nd, 4-6 (Groundball, 4)
Top of the 4th over - 2 run(s), 3 hit(s), 0 error(s), 0 left on base; Birmingham 5 - Boston 2
BOTTOM OF THE 4TH
Boston Rebels batting - Pitching for Birmingham Steeldogs : RHP Mark Anderson
Batting: LHB Lorenzo Flores 0-0: Foul Ball, location: 2F
0-1: Fly out, F9 (Line Drive, 89D)
Batting: LHB Felipe Guerrero 0-0: Ground out 5-3 (Groundball, 2L)
Batting: RHB Ronnie Brown 0-0: Ball
1-0: Ball
2-0: Called Strike
2-1: Foul Ball, location: 2F
2-2: Strikes out swinging, 2-3 out at first.
Bottom of the 4th over - 0 run(s), 0 hit(s), 0 error(s), 0 left on base; Birmingham 5 - Boston 2
TOP OF THE 5TH
Birmingham Steeldogs batting - Pitching for Boston Rebels : RHP Armand Calazzo
Pitching: RHP Ki-tong Shiu
Batting: RHB Sixto Vélez 0-0: Foul Ball, location: 2F
0-1: Ball
1-1: Ball
2-1: Fly out, F7 (Flyball, 7)
Batting: LHB José Martínez 0-0: Ball
1-0: Ball
2-0: Swinging Strike
2-1: Ball
3-1: Foul Ball, location: 2F
3-2: Strikes out swinging
Batting: LHB José Rivera 0-0: Foul Ball, location: 2F
0-1: Ball
1-1: Ball
2-1: Ball
3-1: Swinging Strike
3-2: Strikes out looking
Top of the 5th over - 0 run(s), 0 hit(s), 0 error(s), 0 left on base; Birmingham 5 - Boston 2
BOTTOM OF THE 5TH
Boston Rebels batting - Pitching for Birmingham Steeldogs : RHP Mark Anderson
Batting: RHB Pedro Rodríguez 0-0: Called Strike
0-1: Foul Ball, location: 2F
0-2: Fly out, F9 (Flyball, 9)
Batting: RHB Gerardo Escobedo 0-0: Ball
1-0: Ball
2-0: Called Strike
2-1: Ground out 1-3 (Groundball, 13)
Batting: RHB Jesús Dávila 0-0: Ball
1-0: Ball
2-0: Foul Ball, location: 2F
2-1: Ground out 5-3 (Groundball, 5S)
Bottom of the 5th over - 0 run(s), 0 hit(s), 0 error(s), 0 left on base; Birmingham 5 - Boston 2
TOP OF THE 6TH
Birmingham Steeldogs batting - Pitching for Boston Rebels : RHP Ki-tong Shiu
Batting: RHB Carlos García 0-0: Ball
1-0: Called Strike
1-1: Ball
2-1: Called Strike
2-2: Fly out, F8 (Flyball, 8RS)
Batting: RHB Nick Webb 0-0: Ball
1-0: Foul Ball, location: 2F
1-1: Fly out, F9 (Flyball, 9S)
Batting: LHB John Haney 0-0: Called Strike
0-1: Ball
1-1: Ground out 6-3 (Groundball, 6M)
Top of the 6th over - 0 run(s), 0 hit(s), 0 error(s), 0 left on base; Birmingham 5 - Boston 2
BOTTOM OF THE 6TH
Boston Rebels batting - Pitching for Birmingham Steeldogs : RHP Mark Anderson
Batting: RHB Aaron Washington 0-0: Foul Ball, location: 2F
0-1: Fly out, F3 (Flyball, 3D)
Batting: LHB Miguel Rivería 0-0: Ball
1-0: Called Strike
1-1: Foul Ball, location: 2F
1-2: Ball
2-2: Foul Ball, location: 2F
2-2: Ball
3-2: Base on Balls
Batting: LHB Bill Wilson 0-0: SINGLE (Groundball, 6D)
Miguel Rivería to second
Batting: LHB Lorenzo Flores 0-0: Called Strike
0-1: Foul Ball, location: 2F
0-2: Ball
1-2: Ground out 4-3 (Groundball, 4S)
Miguel Rivería to third
Bill Wilson to second
Batting: LHB Felipe Guerrero 0-0: Ball
Wild Pitch!
Miguel Rivería scores
Bill Wilson to third
1-0: Ball
2-0: Ball
3-0: Called Strike
3-1: SINGLE (Groundball, 34D)
Bill Wilson scores
Batting: RHB Ronnie Brown 0-0: Ball
1-0: Ball
Felipe Guerrero steals 2nd base
2-0: Ball
3-0: Base on Balls
Batting: RHB Pedro Rodríguez 0-0: Foul Ball, location: 2F
0-1: Fielders Choice at 2nd, 5-4 (Groundball, 5L)
Bottom of the 6th over - 2 run(s), 2 hit(s), 0 error(s), 1 left on base; Birmingham 5 - Boston 4
TOP OF THE 7TH
Birmingham Steeldogs batting - Pitching for Boston Rebels : RHP Ki-tong Shiu
Batting: LHB Chris Miller 0-0: Foul Ball, location: 2F
0-1: Swinging Strike
0-2: Ball
1-2: SINGLE (Groundball, 4MD)
Batting: RHB Valentín Borges 0-0: Ball
1-0: Ball
2-0: Called Strike
2-1: Ball
3-1: Called Strike
3-2: Base on Balls
Chris Miller to second
Batting: LHB José Hernández 0-0: Foul Ball, location: 2F
0-1: Ball
1-1: Foul Ball, location: 2F
1-2: SINGLE (Line Drive, 4D)
Chris Miller to third
Valentín Borges to second
Batting: RHB Sixto Vélez 0-0: Ball
1-0: Foul Ball, location: 2F
1-1: Grounds into fielders choice 6-2 (Groundball, 6)
Valentín Borges to third
José Hernández to second
Pitching: RHP Carlos Ruíz
Batting: LHB José Martínez 0-0: Called Strike
0-1: Called Strike
0-2: Ball
1-2: Foul Ball, location: 2F
1-2: Foul Ball, location: 2F
1-2: Grounds into fielders choice 6-2 (Groundball, 6)
José Hernández to third
Sixto Vélez to second
Batting: LHB José Rivera 0-0: Ball
1-0: Called Strike
1-1: Fly out, F9 (Flyball, 9LS)
Top of the 7th over - 0 run(s), 2 hit(s), 0 error(s), 3 left on base; Birmingham 5 - Boston 4
BOTTOM OF THE 7TH
Boston Rebels batting - Pitching for Birmingham Steeldogs : RHP Mark Anderson
Batting: RHB Gerardo Escobedo 0-0: Called Strike
0-1: Ground out 6-3 (Groundball, 6)
Batting: RHB Jesús Dávila 0-0: Ground out 3-1 (Groundball, 34)
Batting: RHB Aaron Washington 0-0: Ground out 5-3 (Groundball, 25)
Bottom of the 7th over - 0 run(s), 0 hit(s), 0 error(s), 0 left on base; Birmingham 5 - Boston 4
TOP OF THE 8TH
Birmingham Steeldogs batting - Pitching for Boston Rebels : RHP Carlos Ruíz
Batting: RHB Carlos García 0-0: Called Strike
0-1: Called Strike
0-2: Ball
1-2: Ball
2-2: Foul Ball, location: 2F
2-2: Fly out, F8 (Flyball, 8LM)
Batting: RHB Nick Webb 0-0: Ball
1-0: Swinging Strike
1-1: Foul Ball, location: 2F
1-2: Ground out U3 (Groundball, 34)
Batting: LHB John Haney 0-0: Called Strike
0-1: Called Strike
0-2: Ball
1-2: Strikes out looking
Top of the 8th over - 0 run(s), 0 hit(s), 0 error(s), 0 left on base; Birmingham 5 - Boston 4
BOTTOM OF THE 8TH
Boston Rebels batting - Pitching for Birmingham Steeldogs : RHP Mark Anderson
Pitching: RHP César López
Batting: LHB Miguel Rivería 0-0: Ball
1-0: SINGLE (Line Drive, 9S)
Batting: LHB Bill Wilson 0-0: Fly out, F5 (Line Drive, 5)
Batting: LHB Lorenzo Flores 0-0: Ball
1-0: Foul Ball, location: 2F
1-1: Ball
2-1: Fly out, F7 (Flyball, 7LM)
Batting: LHB Felipe Guerrero 0-0: Ball
1-0: Swinging Strike
1-1: SINGLE (Groundball, 56D)
Miguel Rivería to second
Batting: RHB Ronnie Brown 0-0: Foul Ball, location: 2F
0-1: Ball
1-1: SINGLE (Groundball, 4MD)
Miguel Rivería to third
Felipe Guerrero to second
Runner from 3rd tries for Home, SAFE, no throw
Batting: RHB Pedro Rodríguez 0-0: Ground out 5-3 (Groundball, 56S)
Bottom of the 8th over - 1 run(s), 3 hit(s), 0 error(s), 2 left on base; Birmingham 5 - Boston 5
TOP OF THE 9TH
Birmingham Steeldogs batting - Pitching for Boston Rebels : RHP Carlos Ruíz
Pitching: RHP Tony Rocha
Batting: LHB Chris Miller 0-0: Foul Ball, location: 2F
0-1: Called Strike
0-2: Foul Ball, location: 2F
0-2: Ball
1-2: Foul Ball, location: 2F
1-2: Ball
2-2: Ground out 4-3 (Groundball, 4)
Batting: RHB Valentín Borges 0-0: Foul Ball, location: 2F
0-1: Ball
1-1: Ball
2-1: Called Strike
2-2: Foul Ball, location: 2F
2-2: Foul Ball, location: 2F
2-2: Strikes out looking
Batting: LHB José Hernández 0-0: Ball
1-0: Swinging Strike
1-1: Foul Ball, location: 2F
1-2: Strikes out swinging
Top of the 9th over - 0 run(s), 0 hit(s), 0 error(s), 0 left on base; Birmingham 5 - Boston 5
BOTTOM OF THE 9TH
Boston Rebels batting - Pitching for Birmingham Steeldogs : RHP César López
Pitching: RHP Mitch Brown
Pinch Hitting: LHB Sergio Barrón 0-0: Called Strike
0-1: Called Strike
0-2: Ball
1-2: Ball
2-2: DOUBLE (Line Drive, 9D)
Pinch Hitting: LHB Ricardo Brandariz 0-0: Intentional Walk
Batting: RHB Aaron Washington 0-0: Ball
1-0: Sac Bunt - play at third, runner OUT! 5-6
Ricardo Brandariz to second
Batting: LHB Miguel Rivería 0-0: Ball
1-0: Ball
2-0: Foul Ball, location: 2F
2-1: Foul Ball, location: 2F
2-2: Fly out, F8 (Line Drive, 8RM)
Batting: LHB Bill Wilson 0-0: Called Strike
0-1: SINGLE (Groundball, 34D)
Ricardo Brandariz to third
Aaron Washington to second
Runner from 3rd tries for Home, SAFE, no throw
Thursday, March 30th, 2017 - OOTP Baseball 17.12 Build 75